[Event "Early-Titled-Tuesday-Blitz-May-28-2024"]
[Site "Chess.com"]
[Date "2024.05.28"]
[Round "9"]
[White "Grebnev_A"]
[Black "JeFumeDesClopes"]
[Result "0-1"]
[WhiteElo "2542"]
[BlackElo "2706"]
[TimeControl "180+1"]
[EndTime "9:43:32 PDT"]
[Termination "JeFumeDesClopes won by resignation"]

1. Nf3 g6 2. d4 Bg7 3. c4 d6 4. Nc3 e5 5. e4 exd4 6. Nxd4 Ne7 7. Be2 Nbc6 8. Be3 O-O 9. Nxc6 bxc6 10. O-O Rb8 11. Qc2 a5 12. Rad1 Be6 13. c5 d5 14. exd5 cxd5 15. Bf3 c6 16. b3 Nf5 17. Bc1 Nd4 18. Qd3 Bf5 19. Qxd4 Bxd4 20. Rxd4 Rb4 21. Be3 Rxd4 22. Bxd4 Re8 23. Rd1 Bc2 24. Rc1 Qh4 25. Be3 d4 26. Bxc6 dxe3 27. Bxe8 Qxf2+ 28. Kh1 Qd2 29. Rf1 Qxc3 30. Bxf7+ Kg7 31. Bc4 Bd3 32. Bxd3 Qxd3 33.
Rg1 e2 34. c6 Qd1 0-1

[Event "Early-Titled-Tuesday-Blitz-May-28-2024"]
[Site "Chess.com"]
[Date "2024.05.28"]
[Round "9"]
[White "MarkusRagger"]
[Black "vishwa_vijeta"]
[Result "1-0"]
[WhiteElo "2811"]
[BlackElo "2637"]
[TimeControl "180+1"]
[EndTime "9:43:40 PDT"]
[Termination "MarkusRagger won by resignation"]

1. d4 Nf6 2. c4 g6 3. Nc3 d5 4. cxd5 Nxd5 5. Bd2 Bg7 6. e4 Nxc3 7. Bxc3 O-O 8. Qd2 c5 9. d5 e6 10. Bc4 exd5 11.
Bxd5 Nc6 12. h4 Be6 13. Bxg7 Kxg7 14. Ne2 Qf6 15. h5 Rad8 16. hxg6 Qxg6 17. Nf4 Qg4 18. Nh5+ Kh8 19. Nf6 1-0

[Event "Early-Titled-Tuesday-Blitz-May-28-2024"]
[Site "Chess.com"]
[Date "2024.05.28"]
[Round "9"]
[White "alex1531"]
[Black "karinachess1"]
[Result "0-1"]
[WhiteElo "2443"]
[BlackElo "2599"]
[TimeControl "180+1"]
[EndTime "9:44:05 PDT"]
[Termination "karinachess1 won by resignation"]

1. d4 Nf6 2. Nc3 e6 3. e4 c5 4. d5 exd5 5. exd5 d6 6. Nf3 Be7 7. Bd3 O-O 8. h3 a6 9. a4 Bd7 10. O-O Qc7 11. a5 c4 12. Be2 Bf5 13. Nd2 Nbd7 14.
Nxc4 Rac8 15. Bf4 Nc5 16. f3 h6 17. Kh1 Rfe8 18. Na4 Nxa4 19. Rxa4 Qc5 20. c3 Qxd5 21. Qxd5 Nxd5 22. Nxd6 Bxd6 23. Bxd6 Rxe2 0-1

[Event "Early-Titled-Tuesday-Blitz-May-28-2024"]
[Site "Chess.com"]
[Date "2024.05.28"]
[Round "9"]
[White "ural58"]
[Black "Viktor_Poddubnyi"]
[Result "0-1"]
[WhiteElo "2426"]
[BlackElo "2320"]
[TimeControl "180+1"]
[EndTime "9:44:05 PDT"]
[Termination "Viktor_Poddubnyi won by resignation"]

1. e4 g6 2. d4 Bg7 3. Nc3 d6 4.
Be3 a6 5. Qd2 b5 6. h4 h5 7. Bd3 Bb7 8. a4 b4 9. Nd5 a5 10. c4 c6 11. Nf4 e5 12. Nfe2 Qe7 13.
O-O-O Nf6 14. f3 Nbd7 15. Nh3 O-O 16. Ng5 d5 17. dxe5 Nxe5 18. Rhe1 dxc4 19. Bb1 Rad8 20. Qc2 Nd3+ 21. Rxd3 cxd3 22. Qc5 Qxc5+ 23. Bxc5 d2+ 24. Kd1 dxe1=Q+ 25. Kxe1 Rfe8 0-1

[Event "Early-Titled-Tuesday-Blitz-May-28-2024"]
[Site "Chess.com"]
[Date "2024.05.28"]
[Round "9"]
[White "mishanick"]
[Black "Bob_2004"]
[Result "1-0"]
[WhiteElo "3036"]
[BlackElo "2543"]
[TimeControl "180+1"]
[EndTime "9:44:11 PDT"]
[Termination "mishanick won by resignation"]

1. d4 d5 2. c4 e6 3. Nc3 c6 4. e4 dxe4 5. Nxe4 Bb4+ 6. Nc3 c5 7. Be3 Ne7 8. dxc5 Bxc3+ 9. bxc3 Qa5 10. Qb3 Nbc6 11.
Bd3 Nf5 12. Bxf5 exf5 13. Nf3 O-O 14. O-O Qc7 15. Rad1 f4 16. Bc1 Be6 17. Nd4 Ne5 18.
Nxe6 fxe6 19. Rfe1 Rad8 20. Rxd8 Rxd8 21. Bxf4 Nf3+ 22.
gxf3 Qxf4 23. Qxb7 Rf8 24. Qe4 Qg5+ 25. Kh1 Qxc5 26.
Qxe6+ Kh8 27. Qe7 Qf5 28. Qe4 Qc5 29. Qd4 Qf5 30. Qd5 Qc2 31. Qf7 Rg8 32. Re8 Qc1+ 33. Kg2 Qg5+ 34. Kh3 1-0

[Event "Early-Titled-Tuesday-Blitz-May-28-2024"]
[Site "Chess.com"]
[Date "2024.05.28"]
[Round "9"]
[White "GlavkonVVS"]
[Black "ClauAmura"]
[Result "1-0"]
[WhiteElo "2572"]
[BlackElo "2405"]
[TimeControl "180+1"]
[EndTime "9:44:24 PDT"]
[Termination "GlavkonVVS won by checkmate"]

1. c4 e6 2. Nc3 d5 3. d4 Nf6 4. Nf3 Be7 5. Bg5 O-O 6. e3 Nbd7 7. Qc2 c6 8. a3 a6 9. c5 h6 10. Bf4 Nh5 11. Bg3 f5 12. Bd3 Ndf6 13. Ne5 Qe8 14.
f3 Nxg3 15. hxg3 Nd7 16. f4 Nf6 17. O-O-O Bd7 18. g4 Ne4 19. gxf5 exf5 20. g4 Nxc3 21. bxc3 b6 22. gxf5 bxc5 23. f6 Rxf6 24. Bh7+ Kh8 25.
Rdg1 cxd4 26. Ng6+ Kxh7 27. Nf8+ Kg8 28. Qh7+ Kxf8 29.
Qxg7# 1-0

[Event "Early-Titled-Tuesday-Blitz-May-28-2024"]
[Site "Chess.com"]
[Date "2024.05.28"]
[Round "9"]
[White "IndianSchoolOfSuffering"]
[Black "TrahtarBelarus"]
[Result "0-1"]
[WhiteElo "2527"]
[BlackElo "2776"]
[TimeControl "180+1"]
[EndTime "9:44:29 PDT"]
[Termination "TrahtarBelarus won by resignation"]

1. e4 c5 2. Nf3 d6 3. Bb5+ Bd7 4. a4 Nc6 5. O-O Nf6 6. Re1 g6 7. c3 a6 8. Bc4 Bg7 9. h3 O-O 10. d3 Rb8 11. Na3 Ne5 12. Nxe5 dxe5 13. Be3 b5 14.
Ba2 Qc7 15. axb5 axb5 16. Qc2 Rfc8 17. Rad1 Ne8 18. Rf1 Ra8 19. Bd5 Ra6 20. c4 b4 21.
Nb5 Qb6 22. Ra1 e6 23. b3 exd5 24. exd5 Bxb5 25. cxb5 Qxb5 0-1

[Event "Early-Titled-Tuesday-Blitz-May-28-2024"]
[Site "Chess.com"]
[Date "2024.05.28"]
[Round "9"]
[White "RantomOpening"]
[Black "Chessbard1972"]
[Result "1-0"]
[WhiteElo "2561"]
[BlackElo "2404"]
[TimeControl "180+1"]
[EndTime "9:44:33 PDT"]
[Termination "RantomOpening won by resignation"]

1. c4 e5 2. Nc3 Nc6 3. Nf3 d6 4.
e3 f5 5. d4 e4 6. Ng1 Nf6 7.
h4 g6 8. Nh3 Bg7 9. Nf4 Ne7 10.
Be2 h6 11. g3 Bd7 12. Bd2 c6 13. b4 a6 14. a4 Kf7 15. Qb3 Bc8 16. Kf1 d5 17. Kg2 Be6 18. b5 axb5 19. axb5 Qd7 20.
bxc6 bxc6 21. cxd5 Bxd5 22. Ncxd5 cxd5 23. Bb4 Rab8 24. Qa4 Qxa4 25. Rxa4 Nc6 26. Bc5 Rb2 27. Ra6 Rc8 28. Ba3 Ra2 29. Bb5 Ne7 30. Bxe7 Rxa6 31. Bxa6 Ra8 32. Bxf6 Bxf6 33. Bb7 Ra2 34. Bxd5+ Kg7 35.
Bxa2 1-0

[Event "Early-Titled-Tuesday-Blitz-May-28-2024"]
[Site "Chess.com"]
[Date "2024.05.28"]
[Round "9"]
[White "MaiqMaster"]
[Black "Ramosha"]
[Result "1-0"]
[WhiteElo "2476"]
[BlackElo "2551"]
[TimeControl "180+1"]
[EndTime "9:44:40 PDT"]
[Termination "MaiqMaster won by resignation"]

1. e4 c5 2. Nc3 Nc6 3. Bb5 g6 4.
Bxc6 dxc6 5. d3 Bg7 6. Be3 b6 7. Qd2 e5 8. f4 Ne7 9. Nf3 exf4 10. Bxf4 O-O 11. O-O Ba6 12. Rad1 b5 13. Kh1 b4 14. Na4 Qa5 15. b3 Rad8 16. Qf2 Nc8 17. Qxc5 Bb5 18. Bd2 Rfe8 19. Qxb4 Qc7 20. Nc3 Ba6 21. Qa3 Bb7 22. Na4 Ba8 23. Nc5 Qb8 24. Ng5 Re7 25. Bf4 Qb6 26. b4 Bf8 27. Qb3 a5 28. Nxf7 Rxf7 29. Bg5 Rd5 30. exd5 cxd5 31. Rxf7 Kxf7 32. Rf1+ Kg8 33. Rxf8+ Kxf8 34. Nd7+ 1-0

[Event "Early-Titled-Tuesday-Blitz-May-28-2024"]
[Site "Chess.com"]
[Date "2024.05.28"]
[Round "9"]
[White "OparinGrigoriy"]
[Black "CarlosAlbornoz"]
[Result "1-0"]
[WhiteElo "3047"]
[BlackElo "2844"]
[TimeControl "180+1"]
[EndTime "9:44:41 PDT"]
[Termination "OparinGrigoriy won by resignation"]

1. Nf3 Nf6 2. g3 g6 3. Bg2 Bg7 4. c4 O-O 5. Nc3 d6 6. d4 Nbd7 7. O-O e5 8. e4 exd4 9. Nxd4 Re8 10. Qc2 a6 11. Rd1 Rb8 12. h3 Ne5 13. b3 c5 14.
Nde2 b5 15. cxb5 axb5 16. Be3 b4 17. Bxc5 bxc3 18. Bxd6 Qb6 19. Bxb8 Qxb8 20. Nxc3 h5 21. f4 Ned7 22. e5 Nh7 23. Ne4 h4 24. gxh4 Nhf8 25.
Nd6 Rd8 26. Bd5 Ne6 27. Bxe6 Nxe5 28. Nxc8 Nf3+ 29. Kh1 Rxd1+ 30. Rxd1 fxe6 31. Qe4 Nxh4 32. Ne7+ Kh7 33. Nxg6 Nxg6 34. Rg1 Qe8 35. f5 1-0

[Event "Early-Titled-Tuesday-Blitz-May-28-2024"]
[Site "Chess.com"]
[Date "2024.05.28"]
[Round "9"]
[White "Preobrazhenska_D2011"]
[Black "luggevoila"]
[Result "1-0"]
[WhiteElo "2521"]
[BlackElo "2347"]
[TimeControl "180+1"]
[EndTime "9:44:41 PDT"]
[Termination "Preobrazhenska_D2011 won by resignation"]

1. e4 d6 2. d4 g6 3. Nc3 Bg7 4. Nf3 a6 5. Bc4 b5 6. Bd5 c6 7. Bb3 Nf6 8. O-O O-O 9. Re1 e5 10.
dxe5 dxe5 11. Qxd8 Rxd8 12. Nxe5 Ra7 13. Bg5 c5 14.
Nd5 Nxd5 15. Bxd8 Nf4 16. Bxf7+ Rxf7 17. Nxf7 Kxf7 18. Bc7 1-0

[Event "Early-Titled-Tuesday-Blitz-May-28-2024"]
[Site "Chess.com"]
[Date "2024.05.28"]
[Round "9"]
[White "emeli_chess"]
[Black "Yan_Dyomin2010"]
[Result "0-1"]
[WhiteElo "2432"]
[BlackElo "2592"]
[TimeControl "180+1"]
[EndTime "9:44:49 PDT"]
[Termination "Yan_Dyomin2010 won by resignation"]

1. d4 Nf6 2. c4 g6 3. Nc3 d5 4. cxd5 Nxd5 5. e4 Nxc3 6. bxc3 Bg7 7. Be3 c5 8. Qd2 Qa5 9. Nf3 Bg4 10. Ng5 h6 11. Nf3 Nc6 12. Rd1 Rd8 13. Be2 Bxf3 14.
gxf3 cxd4 15. cxd4 Qxd2+ 16. Rxd2 Bxd4 17. Bb5 Bxe3 18. fxe3 Rxd2 19. Kxd2 Kd7 20. Kc3 Kc7 21. Rd1 Rd8 22. Rxd8 Nxd8 23. Be8 Kd6 24. f4 e5 25.
Kd3 g5 26. Ba4 gxf4 27. exf4 exf4 28. Kd4 f6 29. Bd1 Ne6+ 30. Kc4 Ke5 31. Bc2 Ng5 0-1

[Event "Early-Titled-Tuesday-Blitz-May-28-2024"]
[Site "Chess.com"]
[Date "2024.05.28"]
[Round "9"]
[White "jaskol95"]
[Black "Matols"]
[Result "1-0"]
[WhiteElo "2528"]
[BlackElo "2378"]
[TimeControl "180+1"]
[EndTime "9:44:54 PDT"]
[Termination "jaskol95 won by resignation"]

1. e4 c6 2. d4 d5 3. e5 c5 4. dxc5 e6 5. a3 Bxc5 6. b4 Be7 7. Bb2 f6 8. Nf3 fxe5 9. Nxe5 Nf6 10. Bd3 Nbd7 11. Nd2 Nxe5 12. Bxe5 Bd7 13. O-O O-O 14.
Nf3 Ne4 15. Re1 Be8 16. Bxe4 dxe4 17. Rxe4 Qxd1+ 18. Rxd1 Bh5 19. Rd7 Bxf3 20. Rxe7 Rf6 21. gxf3 Rg6+ 22. Rg4 1-0

[Event "Early-Titled-Tuesday-Blitz-May-28-2024"]
[Site "Chess.com"]
[Date "2024.05.28"]
[Round "9"]
[White "lefonghua"]
[Black "HouseOfDurin"]
[Result "1-0"]
[WhiteElo "2548"]
[BlackElo "2272"]
[TimeControl "180+1"]
[EndTime "9:44:59 PDT"]
[Termination "lefonghua won by checkmate"]

1. d4 Nf6 2. c4 c5 3. d5 b5 4. cxb5 a6 5. b6 d6 6. Nc3 Nbd7 7. a4 Qxb6 8. a5 Qc7 9. e4 g6 10.
f4 Bg7 11. Bc4 O-O 12. Nf3 Rb8 13. Qd3 Rb4 14. O-O Re8 15. Ra2 Qb8 16. b3 e6 17.
dxe6 fxe6 18. Bd2 d5 19. exd5 exd5 20. Nxd5 Rxc4 21. Qxc4 Kh8 22. Ng5 h6 23. Nxf6 Nxf6 24. Nf7+ Kh7 25. Ne5 Be6 26. Qd3 Qxb3 27. Qxg6+ Kh8 28.
Raa1 Rd8 29. f5 Bg8 30. Bxh6 Bxh6 31. Qxh6+ Nh7 32. Ng6# 1-0

[Event "Early-Titled-Tuesday-Blitz-May-28-2024"]
[Site "Chess.com"]
[Date "2024.05.28"]
[Round "9"]
[White "KorolDimitriy75"]
[Black "Connectedcloud"]
[Result "1-0"]
[WhiteElo "2378"]
[BlackElo "2206"]
[TimeControl "180+1"]
[EndTime "9:45:01 PDT"]
[Termination "KorolDimitriy75 won by resignation"]

1. d4 Nf6 2. c4 e6 3. Nc3 Bb4 4. Qc2 O-O 5. e4 d5 6. cxd5 exd5 7. e5 Ne4 8. Bd3 c5 9. Ne2 Nc6 10. O-O Bxc3 11. bxc3 Bf5 12. f3 c4 13. Bxe4 dxe4 14.
fxe4 Bg6 15. Ba3 Re8 16. Nf4 Qg5 17. Nxg6 hxg6 18. Rf3 Rad8 19. Raf1 Rd7 20. Qf2 Nxe5 21. dxe5 Rd2 22. Qg3 Qxg3 23. hxg3 Rxa2 24. Bd6 f5 25. exf5 1-0

[Event "Early-Titled-Tuesday-Blitz-May-28-2024"]
[Site "Chess.com"]
[Date "2024.05.28"]
[Round "9"]
[White "francyIM"]
[Black "Thjop"]
[Result "1-0"]
[WhiteElo "2815"]
[BlackElo "2640"]
[TimeControl "180+1"]
[EndTime "9:45:07 PDT"]
[Termination "francyIM won by resignation"]

1. e4 e6 2. d4 d5 3. Nd2 c5 4.
Ngf3 a6 5. exd5 exd5 6. dxc5 Bxc5 7. Bd3 Nf6 8. O-O O-O 9. h3 Nc6 10. Re1 Re8 11. Nb3 Bb6 12. Bg5 Rxe1+ 13. Qxe1 Be6 14.
Ne5 h6 15. Bh4 Nxe5 16. Qxe5 g5 17. Bg3 Nh5 18. Bh2 Qf6 19. Qxf6 Nxf6 20. Be5 Nd7 21. Bd4 Bc7 22. a4 Ne5 23. Be2 Nc6 24. Bc3 Bb6 25.
Rd1 Rd8 26. a5 Ba7 27. Nd4 Nxd4 28. Bxd4 Bxd4 29. Rxd4 Rc8 30. Bd3 Rc5 31. Ra4 Kg7 32. Kf1 Kf6 33. Ke2 Ke5 34. Ke3 f5 35. g3 f4+ 36. gxf4+ gxf4+ 37. Rxf4 Rxa5 38. Rh4 Ra1 39. Rh5+ Kd6 40. Rxh6 Re1+ 41. Kd4 1-0

[Event "Early-Titled-Tuesday-Blitz-May-28-2024"]
[Site "Chess.com"]
[Date "2024.05.28"]
[Round "9"]
[White "Anton_Demchenko"]
[Black "xakevicius91"]
[Result "1-0"]
[WhiteElo "2927"]
[BlackElo "2526"]
[TimeControl "180+1"]
[EndTime "9:45:09 PDT"]
[Termination "Anton_Demchenko won by resignation"]

1. e4 c5 2. Nc3 e6 3. Bc4 Nc6 4. d3 Nf6 5. Nge2 a6 6. Bb3 Na5 7. O-O Nxb3 8. axb3 d6 9. f4 Be7 10. Ng3 Qc7 11. f5 Bd7 12. Nh5 Nxh5 13. Qxh5 Bf6 14. Bg5 Bd4+ 15. Kh1 g6 16. Qh6 gxf5 17. exf5 Rg8 18.
Rae1 Bxc3 19. fxe6 Bxe6 20. Rxe6+ 1-0

[Event "Early-Titled-Tuesday-Blitz-May-28-2024"]
[Site "Chess.com"]
[Date "2024.05.28"]
[Round "9"]
[White "Rsnr"]
[Black "Matsanovic"]
[Result "1-0"]
[WhiteElo "2892"]
[BlackElo "2623"]
[TimeControl "180+1"]
[EndTime "9:45:11 PDT"]
[Termination "Rsnr won by resignation"]

1. Nf3 d5 2. e3 Nf6 3. c4 c6 4.
b3 Bf5 5. Bb2 e6 6. Nc3 h6 7. Be2 Nbd7 8. O-O Bd6 9. d4 O-O 10.
h3 Qe7 11. Bd3 Bxd3 12. Qxd3 Ba3 13. Bxa3 Qxa3 14. e4 dxe4 15. Nxe4 Nxe4 16. Qxe4 Nf6 17. Qe2 Rfd8 18. Rfd1 Rd6 19. Rd3 Rad8 20. Rad1 Qb4 21.
Ne5 a5 22. Qc2 Nd7 23. a3 Qxa3 24. Nxf7 Kxf7 25. b4 Qxb4 26. Rb1 Rxd4 27. Rxd4 Qc5 28.
Rf4+ Nf6 29. Rxb7+ Kg8 30. Rxf6 1-0

[Event "Early-Titled-Tuesday-Blitz-May-28-2024"]
[Site "Chess.com"]
[Date "2024.05.28"]
[Round "9"]
[White "MVM2008"]
[Black "KnightDuta"]
[Result "0-1"]
[WhiteElo "2520"]
[BlackElo "2724"]
[TimeControl "180+1"]
[EndTime "9:45:16 PDT"]
[Termination "KnightDuta won by resignation"]

1. e4 d5 2. exd5 Nf6 3. Nf3 Nxd5 4. Nc3 Nxc3 5. bxc3 Bf5 6. Bc4 e6 7. Ne5 Nd7 8. Nxd7 Qxd7 9. Rb1 c6 10. d4 Bd6 11.
Bd3 Bg6 12. O-O O-O 13. c4 Qc7 14. h3 c5 15. c3 Rfd8 16. Qf3 Bxd3 17. Rxb7 Be2 18. Qe4 Qc8 19. Re1 Bd3 20. Qf3 Bg6 21. h4 h5 22. Bg5 Re8 23. Reb1 cxd4 24. g4 hxg4 25. Qxg4 Bxb1 26. Bf6 Bg6 27. Qxg6 fxg6 28. Rxg7+ Kf8 29. Rh7 e5 0-1

[Event "Early-Titled-Tuesday-Blitz-May-28-2024"]
[Site "Chess.com"]
[Date "2024.05.28"]
[Round "9"]
[White "djano"]
[Black "stollenmonster"]
[Result "0-1"]
[WhiteElo "2586"]
[BlackElo "2865"]
[TimeControl "180+1"]
[EndTime "9:45:16 PDT"]
[Termination "stollenmonster won by resignation"]

1. e4 c5 2. Nc3 Nc6 3. Bb5 g6 4.
Nf3 Bg7 5. O-O e5 6. Nd5 Nge7 7. c3 h6 8. d4 cxd4 9. cxd4 Nxd4 10. Nxd4 exd4 11. Bf4 Nxd5 12. exd5 O-O 13. d6 a6 14. Bc4 b5 15. Bd5 Rb8 16. Qf3 Qf6 17. Rac1 g5 18. Bd2 Qxf3 19. Bxf3 Bb7 20. Rc7 Bxf3 21. gxf3 Be5 22. Bb4 Rfc8 23. Rxd7 Rd8 24. Rxd8+ Rxd8 25. Rd1 Bxd6 26. Rxd4 Bxh2+ 0-1

[Event "Early-Titled-Tuesday-Blitz-May-28-2024"]
[Site "Chess.com"]
[Date "2024.05.28"]
[Round "9"]
[White "rionelG"]
[Black "Eloist"]
[Result "0-1"]
[WhiteElo "2304"]
[BlackElo "2439"]
[TimeControl "180+1"]
[EndTime "9:45:20 PDT"]
[Termination "Eloist won on time"]

1. e4 e6 2. d3 d5 3. Nd2 Nf6 4. g3 dxe4 5. dxe4 b6 6. Bg2 e5 7.
Ngf3 Nbd7 8. O-O Bc5 9. h3 O-O 10. c3 a5 11. a4 Ba6 12. Re1 Qe7 13. Qc2 Rfd8 14. Nf1 Bd6 15. Ne3 Nc5 16. Nf5 Qe6 17. Ng5 Qb3 18. Qxb3 Nxb3 19. Rb1 Bd3 20. Be3 Bxb1 21.
Rxb1 Bc5 22. Bf1 Bxe3 23. Nxe3 Nd2 24. Rc1 h6 25. Nf3 Nxf3+ 0-1

[Event "Early-Titled-Tuesday-Blitz-May-28-2024"]
[Site "Chess.com"]
[Date "2024.05.28"]
[Round "9"]
[White "Eliwood44"]
[Black "Karttunen"]
[Result "0-1"]
[WhiteElo "2469"]
[BlackElo "2647"]
[TimeControl "180+1"]
[EndTime "9:45:23 PDT"]
[Termination "Karttunen won by checkmate"]

1. d4 Nf6 2. c4 g6 3. Nc3 d6 4. e4 Bg7 5. Be2 O-O 6. h4 c5 7. d5 b5 8. cxb5 a6 9. a4 axb5 10.
Bxb5 Na6 11. h5 Nb4 12. h6 Bh8 13. Nge2 Ng4 14. Bg5 f6 15. Bh4 f5 16. O-O f4 17.
Bg5 Be5 18. Ra3 Rf7 19. Nc1 Qf8 20. N3a2 Nxa2 21. Nxa2 Nxh6 22. Bc6 Rb8 23. Rb3 Rxb3 24. Qxb3 f3 25. g3 Ng4 26. Nc1 h6 27. Bd2 h5 28.
Nd3 h4 29. Nxe5 Nxe5 30. Be1 Bh3 31. Bb5 Ng4 32. Kh1 Bg2+ 33. Kg1 h3 34. Bd7 h2# 0-1

[Event "Early-Titled-Tuesday-Blitz-May-28-2024"]
[Site "Chess.com"]
[Date "2024.05.28"]
[Round "9"]
[White "Willi_Skibbe"]
[Black "MikeWizard"]
[Result "1-0"]
[WhiteElo "2256"]
[BlackElo "2017"]
[TimeControl "180+1"]
[EndTime "9:45:23 PDT"]
[Termination "Willi_Skibbe won by resignation"]

1. d4 Nf6 2. Nf3 g6 3. Nbd2 d5 4. e3 Bg7 5. b4 O-O 6. c4 c6 7.
Bd3 a5 8. b5 dxc4 9. Bxc4 cxb5 10. Bxb5 Bf5 11. a4 Nc6 12. Ba3 Nb4 13. Bxb4 axb4 14.
Qb3 Ne4 15. Qxb4 Nxd2 16. Nxd2 e5 17. Nf3 exd4 18. Nxd4 Be4 19. O-O Qd5 20. f3 Bxd4 21. Qxd4 Qxd4 22. exd4 Bc6 23. Bxc6 bxc6 24. Rfc1 Rfd8 25.
Rc4 Rd5 26. Kf2 Kg7 27. Ke3 Re8+ 28. Kd3 Red8 29. a5 c5 30. Raa4 cxd4 31. Rxd4 Rxd4+ 32. Rxd4 Ra8 33. Ra4 Kf6 34. a6 Ke6 35. a7 Kd5 36. Ra5+ Kd6 37. Kd4 f5 38. Ra6+ Ke7 39. Ke5 Kf7 40.
Kd6 Kf6 41. Kc7+ Ke5 42. Kb7 Rf8 43. a8=Q Rxa8 44. Kxa8 Kf4 45. Ra2 g5 46. Kb7 h5 47.
Kc6 g4 48. fxg4 fxg4 49. Kd5 h4 50. Kd4 g3 51. h3 1-0

[Event "Early-Titled-Tuesday-Blitz-May-28-2024"]
[Site "Chess.com"]
[Date "2024.05.28"]
[Round "9"]
[White "platy3"]
[Black "AryanTari"]
[Result "1-0"]
[WhiteElo "2893"]
[BlackElo "3032"]
[TimeControl "180+1"]
[EndTime "9:45:27 PDT"]
[Termination "platy3 won by resignation"]

1. e4 e5 2. Nf3 Nc6 3. Bc4 Nf6 4. d3 Bc5 5. O-O d6 6. c3 a5 7. h3 O-O 8. Be3 Bxe3 9. fxe3 h6 10.
Nbd2 Be6 11. Bxe6 fxe6 12. Qb3 Qd7 13. a4 b6 14. Rf2 d5 15. Raf1 Qd6 16. g4 Nd7 17. d4 Kh8 18. Rg2 exd4 19. exd4 Rf4 20. e5 Qe7 21. Qb5 Nd8 22. Nh4 Rxf1+ 23. Nxf1 Kg8 24.
Ng6 Qe8 25. Rf2 c5 26. Rf8+ Qxf8 27. Nxf8 Nxf8 28. dxc5 bxc5 29. Ne3 Nf7 30. Qxc5 Nxe5 31. Nxd5 Nfd7 32. Qd6 1-0

[Event "Early-Titled-Tuesday-Blitz-May-28-2024"]
[Site "Chess.com"]
[Date "2024.05.28"]
[Round "9"]
[White "Daaksboy"]
[Black "Kunalm64"]
[Result "1-0"]
[WhiteElo "2507"]
[BlackElo "2664"]
[TimeControl "180+1"]
[EndTime "9:45:29 PDT"]
[Termination "Daaksboy won by resignation"]

1. d4 Nf6 2. c4 b6 3. Nc3 Bb7 4. Qc2 d5 5. cxd5 Nxd5 6. e4 Nxc3 7. bxc3 e5 8. Nf3 exd4 9. Bb5+ c6 10. Bc4 Be7 11. cxd4 O-O 12. O-O c5 13. d5 Nd7 14.
Bb2 a6 15. a4 Re8 16. e5 b5 17. axb5 Nb6 18. d6 Nxc4 19. Qxc4 Bf8 20. bxa6 Bxf3 21. gxf3 Re6 22. Kh1 Rh6 23. Rg1 Qd7 24.
Rg3 g6 25. Qxc5 Qf5 26. Qd4 Qh5 27. h3 Bg7 28. d7 Qf5 29. d8=Q+ Rxd8 30. Qxd8+ Bf8 31.
Kg2 1-0

[Event "Early-Titled-Tuesday-Blitz-May-28-2024"]
[Site "Chess.com"]
[Date "2024.05.28"]
[Round "9"]
[White "Kotofeyca"]
[Black "ZachHKL"]
[Result "0-1"]
[WhiteElo "2507"]
[BlackElo "2372"]
[TimeControl "180+1"]
[EndTime "9:45:29 PDT"]
[Termination "ZachHKL won by checkmate"]

1. d4 Nf6 2. c4 e6 3. Nf3 Bb4+ 4. Nbd2 O-O 5. a3 Bxd2+ 6. Bxd2 d6 7. Bg5 Nbd7 8. e3 h6 9. Bh4 Qe7 10. Qc2 e5 11.
Be2 Re8 12. O-O a5 13. b4 b6 14. Rfc1 Ba6 15. bxa5 bxa5 16. Rab1 Rab8 17. Rxb8 Rxb8 18. Qc3 exd4 19. Qxa5 Bb7 20. Nxd4 Qe4 21. Nf3 Rc8 22. Qa7 Nc5 23. Bxf6 Ra8 24. Qxa8+ Bxa8 25. Bd4 Ne6 26.
Bc3 Ng5 27. a4 Qc6 28. Nxg5 Qxg2# 0-1

[Event "Early-Titled-Tuesday-Blitz-May-28-2024"]
[Site "Chess.com"]
[Date "2024.05.28"]
[Round "9"]
[White "kleinebeer98"]
[Black "BogdanDeac"]
[Result "1-0"]
[WhiteElo "2974"]
[BlackElo "3113"]
[TimeControl "180+1"]
[EndTime "9:45:30 PDT"]
[Termination "kleinebeer98 won by resignation"]

1. e4 c6 2. d4 d5 3. f3 Qb6 4.
Nc3 dxe4 5. Bc4 e5 6. dxe5 Bc5 7.
Nxe4 Bxg1 8. Qe2 Be6 9. Bxe6 fxe6 10. Qc4 Ne7 11. Qxe6 Kf8 12. Bh6 gxh6 13. Qf6+ Ke8 14. Qxh8+ Kd7 15. O-O-O+ Nd5 16. Rhxg1 Qe3+ 17. Kb1 Kc7 18.
Nd6 1-0

[Event "Early-Titled-Tuesday-Blitz-May-28-2024"]
[Site "Chess.com"]
[Date "2024.05.28"]
[Round "9"]
[White "chessamical"]
[Black "Cheer_Down"]
[Result "0-1"]
[WhiteElo "2279"]
[BlackElo "2464"]
[TimeControl "180+1"]
[EndTime "9:45:34 PDT"]
[Termination "Cheer_Down won by resignation"]

1. Nf3 d5 2. c4 e6 3. e3 Nf6 4.
b3 c5 5. cxd5 exd5 6. d4 cxd4 7.
Nxd4 Bb4+ 8. Bd2 Bd6 9. Nc3 O-O 10. Be2 Nc6 11. Nxc6 bxc6 12. O-O Re8 13. Rc1 h5 14. Na4 Re6 15. Nc5 Re5 16. Nd3 Re6 17. Nc5 Re7 18. b4 Bg4 19. Bc3 Bxc5 20. Bxf6 Bxb4 21.
Bxe7 Qxe7 22. Bxg4 hxg4 23. Qxg4 c5 24. Rfd1 Rd8 25.
Qf5 g6 26. Qf3 d4 27. exd4 cxd4 28. Rd3 Bc3 29. g3 Rb8 30. Qd5 Rb2 31. Rcxc3 Qe1+ 32. Kg2 Qxf2+ 33. Kh3 Qxh2+ 34. Kg4 Qh5+ 35. Kf4 Qxd5 0-1

[Event "Early-Titled-Tuesday-Blitz-May-28-2024"]
[Site "Chess.com"]
[Date "2024.05.28"]
[Round "9"]
[White "Sofia_Blokhin"]
[Black "Shivananda1964"]
[Result "1-0"]
[WhiteElo "2263"]
[BlackElo "2387"]
[TimeControl "180+1"]
[EndTime "9:45:37 PDT"]
[Termination "Sofia_Blokhin won by checkmate"]

1. d4 Nf6 2. c4 Nc6 3. Nc3 e5 4. d5 Ne7 5. e4 Ng6 6. g3 Bb4 7. Qc2 O-O 8. Bd2 d6 9. Bg2 c6 10. Nge2 cxd5 11. cxd5 Bd7 12. O-O Rc8 13. f4 Bb5 14. Rae1 Qb6+ 15. Kh1 Ng4 16. h3 Nf2+ 17.
Kh2 exf4 18. gxf4 Nd3 19. Rd1 Rfe8 20. a3 Bxc3 21. Bxc3 Nf2 22. Rd4 Bxe2 23. Qxe2 Nxf4 24. Qxf2 Nxg2 25. Qxf7+ Kh8 26. Rb4 Qe3 27. Bxg7# 1-0

[Event "Early-Titled-Tuesday-Blitz-May-28-2024"]
[Site "Chess.com"]
[Date "2024.05.28"]
[Round "9"]
[White "MathiasWomacka"]
[Black "ThetNaung291"]
[Result "1-0"]
[WhiteElo "2510"]
[BlackElo "2345"]
[TimeControl "180+1"]
[EndTime "9:45:41 PDT"]
[Termination "MathiasWomacka won by resignation"]

1. e4 e6 2. d4 d5 3. Nd2 c5 4. exd5 exd5 5. Ngf3 Nf6 6. Bb5+ Bd7 7. Bxd7+ Nbxd7 8.
O-O Be7 9. Re1 O-O 10. dxc5 Bxc5 11. Nb3 Bb6 12. Be3 Re8 13. Qd3 Rc8 14. c3 Nc5 15.
Bxc5 Bxc5 16. Rxe8+ Qxe8 17. Re1 Qa4 18. Nxc5 Rxc5 19. a3 Rc7 20. h3 h6 21. Nd4 Qc4 22.
Qg3 Ne4 23. Qe5 f6 24. Qe6+ Kh7 25. Nf5 Qd3 26. Ne3 Qd2 27. Rf1 Qxb2 28. Nxd5 Rc4 29. Ne7 1-0

[Event "Early-Titled-Tuesday-Blitz-May-28-2024"]
[Site "Chess.com"]
[Date "2024.05.28"]
[Round "9"]
[White "Narek_Ghimoyan"]
[Black "ozates"]
[Result "1-0"]
[WhiteElo "2463"]
[BlackElo "2619"]
[TimeControl "180+1"]
[EndTime "9:45:42 PDT"]
[Termination "Narek_Ghimoyan won by resignation"]

1. e4 c5 2. Nc3 Nc6 3. Bb5 Nd4 4. Bc4 a6 5. a4 g6 6. Nf3 Bg7 7. Nxd4 cxd4 8. Qf3 e6 9. Ne2 Ne7 10. d3 d5 11. exd5 exd5 12. Bb3 h6 13. O-O O-O 14. Nf4 Be6 15. Re1 Qd7 16. Qe2 Nc6 17. Nxe6 Rfe8 18. Bxh6 Rxe6 19. Qd2 Bxh6 20. Qxh6 Rae8 21.
Qd2 Ne5 22. Kf1 Kg7 23. Qf4 Rf6 24. Qxd4 Qf5 25. Bxd5 Rh8 26. Rxe5 Qd7 27. Kg1 1-0